 Dungeon Crawl Stone Soup version 0.28.0-53-g5a82cb258f (webtiles) character file.

Game seed: 10580092104429423304

51 hawla the Firebug (level 3, 0/19 HPs)
             Began as a Deep Elf Fire Elementalist on Aug 2, 2022.
             Slain by a gnoll
             ... wielding a +0 flail
              (3 damage)
             ... on level 2 of the Dungeon.
             The game lasted 00:03:40 (1455 turns).

hawla the Firebug (Deep Elf Fire Elementalist)      Turns: 1455, Time: 00:03:41

Health: 0/19       AC:  4    Str:  7    XL:     3   Next: 58%
Magic:  0/10       EV: 13    Int: 19    God:
Gold:   55         SH:  0    Dex: 15    Spells: 6/9 levels left

rFire   . . .      SeeInvis .   (no weapon)
rCold   . . .      Faith    .   (no shield)
rNeg    . . .      Spirit   .   a - +0 robe
rPois   .          Reflect  .   d - +2 hat
rElec   .          Harm     .   (no cloak)
rCorr   .          Rampage  .   (no gloves)
Will    .....                   (no boots)
Stlth   ++........              (no amulet)
HPRegen 0.06/turn               (no ring)
MPRegen 0.12/turn               (no ring)

@: hasted, very quick
A: no striking features
a: no special abilities


You were on level 2 of the Dungeon.
You visited 1 branch of the dungeon, and saw 2 of its levels.

You collected 55 gold pieces.

Inventory:

Armour
 a - a +0 robe (worn)
 d - a +2 hat (worn)
Scrolls
 b - a scroll of identify {unknown}


   Skills:
 + Level 2.7 Dodging
 + Level 2.9 Stealth
 + Level 3.5 Spellcasting
 + Level 1.4 Conjurations
 + Level 4.3 Fire Magic


You had 6 spell levels left.
You knew the following spells:

 Your Spells              Type           Power      Damage    Failure   Level
a - Foxfire               Conj/Fire      56%        2x1d6     4%          1
b - Scorch                Fire           38%        2d6       3%          2

Your spell library contained the following spells:

 Spells                   Type           Power      Damage    Failure   Level
 Conjure Flame            Conj/Fire      14%        6-21      13%         3
 Inner Flame              Hex/Fire       11%        N/A       19%         3
 Flame Wave               Conj/Fire      14%        2d6       41%         4


Dungeon Overview and Level Annotations

Branches:
Dungeon (2/15)

Altars:

Annotations:
D:1 1 runed translucent door


Message History

Casting: Foxfire (safe; 4% risk of failure)
Confirm with . or Enter, or press ? or * to list all spells.
Flames lash the gnoll.
The gnoll is moderately wounded.
The gnoll's fire resistance burns away.
The foxfire hits the gnoll but does no damage.
The gnoll is moderately wounded.
The foxfire hits the gnoll.
The gnoll is burned terribly!
The gnoll is heavily wounded.
The gnoll hits you with a +0 flail.
Casting: Scorch (safe; 4% risk of failure)
Confirm with . or Enter, or press ? or * to list all spells.
You conjure some foxfire!
The gnoll is no longer more vulnerable to fire.
The gnoll closely misses you. The gnoll hits you with a +0 club.
The foxfire hits the gnoll.
The gnoll is lightly wounded.
Casting: Foxfire (safe; 4% risk of failure)
Confirm with . or Enter, or press ? or * to list all spells.
You conjure some foxfire!
The foxfire hits the gnoll!
The gnoll is burned terribly!
You kill the gnoll!
The gnoll barely misses you.
Unknown command.
Casting: Foxfire (safe; 4% risk of failure)
Confirm with . or Enter, or press ? or * to list all spells.
Flames lash the gnoll.
You kill the gnoll!
The foxfire hits the gnoll.
The gnoll is heavily wounded.
The foxfire hits the gnoll.
The gnoll is severely wounded.
The gnoll closely misses you.
You hit the gnoll but do no damage.
The gnoll is severely wounded.
The gnoll hits you with a +0 flail!
* * * LOW HITPOINT WARNING * * *
It was a potion of haste.
You feel yourself speed up. The gnoll hits you with a +0 flail.
You die...

######...
#.......#
#.......#
#...!...#
#.......####...
#...............
#..)g...##.....
#.)@....##.....
####'#####...#
#.#####...#
#.##......#
#.##......#######
#...............#
####...######....
#...# #....
#...## #....


You could see a gnoll.

Vanquished Creatures
  2 gnolls (D:2)
  3 bats
  7 endoplasms (D:1)
  2 giant cockroaches (D:1)
  2 goblins (D:1)
  3 hobgoblins
  2 jackals (D:2)
  2 kobolds (D:1)
  A quokka (D:2)
  A ball python (D:1)
  2 rats
27 creatures vanquished.

Vanquished Creatures (others)
  61 foxfires
61 creatures vanquished.

Grand Total: 88 creatures vanquished

Notes
Turn   | Place    | Note
-------+----------+-------------------------------------------
     0 | D:1      | hawla the Deep Elf Fire Elementalist began the quest for
                  | the Orb.
     0 | D:1      | Reached XP level 1. HP: 10/10 MP: 6/6
     0 | D:1      | Noticed a jelly
     2 | D:1      | Found a runed translucent door.
   332 | D:1      | Reached XP level 2. HP: 15/15 MP: 6/8
   335 | D:1      | Learned a level 2 spell: Scorch
   727 | D:1      | Reached skill level 4 in Fire Magic
  1297 | D:2      | Reached XP level 3. HP: 19/19 MP: 6/9
  1455 | D:2      | Slain by a gnoll

Illustrated notes

Levels and vault maps discovered:
D:1:      dpeg_arrival_caged_fury, layout_loops_ring, minmay_pentomino_p2
D:2:      layout_basic, feat_on_display

Skill      XL: |  1  2 |
---------------+-------+-----
Fire Magic     | 4 |  4.3
Dodging        | |  2.7
Stealth        | |  2.9
Spellcasting   | |  3.5
Conjurations   | |  1.4

Action                   || total
-------------------------++-------
Melee: Unarmed           ||     5
       Punch             ||     1
 Cast: Foxfire           ||    39
       Scorch            ||     5
  Use: Scroll            ||     2
       Potion            ||     1
 Stab: Sleeping          ||     1
Armor: Robe              ||     8
Dodge: Dodged            ||    11
